 Dungeon Crawl Stone Soup version 0.31-a0-876-gfe8ebadbca (webtiles) character file.

Game seed: 14862932142419676970

264 kae the Changeling (level 5, -2/39 HPs)
             Began as a Demigod Shapeshifter on Oct 13, 2023.
             Slain by a sleepcap (8 damage)
             ... on level 5 of the Dungeon.
             The game lasted 00:04:24 (4641 turns).

kae the Changeling (Demigod Shapeshifter)           Turns: 4641, Time: 00:04:25

Health: -2/39      AC:  2    Str: 15    XL:     5   Next: 66%
Magic:  7/7        EV: 12    Int: 12    God:
Gold:   97         SH:  0    Dex: 17    Spells: 4/4 levels left

rFire   . .          .
                       - Unarmed
rCold   . . .        (no shield)
rNeg    . . .        a - +0 animal skin
rPois   .            (helmet currently unavailable)
rElec   .            (cloak currently unavailable)
rCorr   .            (gloves currently unavailable)
SInv    .            (boots currently unavailable)
Will    .....        (no amulet)
Stlth   ++           (no ring)
HPRegen 0.26/turn    (no ring)
MPRegen 0.10/turn

%: no passive effects
@: beast-form
A: beast (slay +2), high MP 1, forlorn, divine attributes
a: Begin Untransformation


You were on level 5 of the Dungeon.
You were a hulking beast.
You visited 1 branch of the dungeon, and saw 5 of its levels.

You collected 205 gold pieces.
You spent 108 gold pieces at shops.


Innate Abilities, Weirdness & Mutations

You are a hulking beast.
Your limbs bulge with bestial killing power. (Slay +2)
You have an increased reservoir of magic. (+10% MP)
You shall have no god before yourself.
Your divine heritage dramatically boosts your attributes as you level up.


   Skills:
 - Level 0.8 Fighting
 - Level 1.7 Dodging
 + Level 4.1 Unarmed Combat
 * Level 4.9 Shapeshifting


You had 4 spell levels left.
You didn't know any spells.
Your spell library contained the following spells:

 Spells                   Type           Power      Damage    Failure   Level
 Sting                    Tmut/Pois      0%         1d3       32%         1
 Poisonous Vapours        Pois/Air       0%         N/A       45%         2
 Olgreb's Toxic Radiance  Pois           0%         N/A       97%         4
 Summon Ice Beast         Ice/Summ       0%         N/A       97%         4
 Freezing Cloud           Conj/Ice/Air   0%         6-21      100%        5
 Simulacrum               Ice/Necr       0%         N/A       100%        6

Inventory:

Missiles
 b - 3 boomerangs
 w - 41 stones
Armour
 a - a +0 animal skin (worn)
Jewellery
 f - a ring of protection from fire
   (You found it on level 4 of the Dungeon)
 p - a ring of willpower
   (You found it on level 2 of the Dungeon)
 F - a ring of protection from fire
   (You found it on level 2 of the Dungeon)
 Y - a +4 ring of slaying
   (You found it on level 3 of the Dungeon)
Talismans
 c - a beast talisman (active)
 d - a flux talisman
 g - a blade talisman
   (You found it on level 1 of the Dungeon)
Scrolls
 e - a scroll of enchant armour
 h - 2 scrolls of identify {@r1}
 k - a scroll of enchant weapon
 l - a scroll of blinking {!r}
 m - a scroll of summoning
 n - 4 scrolls of immolation {unknown}
 o - 2 scrolls of revelation {unknown}
 r - a scroll of teleportation {@r4}
Potions
 i - a potion of attraction {!q}
 j - 2 potions of brilliance
 q - 4 potions of enlightenment
 u - a potion of degeneration {!q}
 v - a potion of berserk rage {!q}

Dungeon Overview and Level Annotations

Branches:
Dungeon (5/15) Zot: 25351
 Temple: D:4-7

Shops:
D:1 !

Annotations:
D:4 exclusion: 2 goblins
D:5 3 runed translucent doors, MackTheKnife's ghost, novice TrSh

.........###
##.####+###
....#......# #...#
#.....##.####...#
##.....##.#....###
#.......#...#....#
#..##...#...##.>.#
#......#.......##
#.....f#.##.#..#
#......h.#....###
##.#.....##.....#
##..#........#
##.###<.....#
##.###.#...#
###..##.....#
#.........###
#.......).##
##.........#


You could see a sleepcap.


Message History

😱 HP[-2]
You take 2 damage, and now have 6/39 hp.
Unknown command.
There is a lethal amount of poison in your body!
You feel better. 😨 HP[+9]
You regained 9 hp, and now have 15/39 hp.
You start resting.
MackTheKnife's ghost says, "Ah, a second chance to prove myself in battle!"
MackTheKnife's ghost says, "Do you think the gods will protect you?"
The iguana hisses menacingly.
MackTheKnife's ghost keens inconsolably.
MackTheKnife's ghost says very slowly, "There's no hope." 😕 HP[+18]
You regained 18 hp, and now have 33/39 hp.
Unknown command.
You start resting.
The iguana hisses menacingly.
An orc wizard is nearby! 😕 HP[+1]
The orc wizard shouts!
You hear a shout!
The orc wizard points at you and mumbles some strange words.
You resist with some effort.
The orc wizard casts a spell.
The orc wizard flickers and vanishes!
Deactivating autopickup; reactivate with Ctrl-A. 😕 HP[+1]
You climb upwards.
Level annotation: exclusion: 2 goblins Reactivating autopickup.
There is a stone staircase leading down, spattered with blood here. 😕 HP[+1]
You start resting. 😎 HP[+3]
Your hp is fully restored (39).
You start waiting.
Done waiting.
You climb downwards.
Level annotation: 3 runed translucent doors, MackTheKnife's ghost, novice TrSh The orc wizard casts a spell.
The orc wizard flickers and vanishes!
Deactivating autopickup; reactivate with Ctrl-A.
The orc throws a stone.
The stone hits you.
A puff of flame appears from out of thin air!
The puff of flame hits you!
There is a stone staircase leading up, spattered with blood here. 😮 HP[-16]
You take 16 damage, and now have 23/39 hp.
MASSIVE DAMAGE!! (PAUSE)
You climb upwards.
Level annotation: exclusion: 2 goblins Reactivating autopickup.
There is a stone staircase leading down, spattered with blood here. 😮 HP[+1] Unknown command.
You start resting. 😕 HP[+9]
You regained 9 hp, and now have 33/39 hp.
You start resting. 😎 HP[+6]
Your hp is fully restored (39).
You see here a +0 club.
There is a stone staircase leading down here.
You climb downwards.
Level annotation: 3 runed translucent doors, MackTheKnife's ghost, novice TrSh A sleepcap comes into view.
There is a stone staircase leading up here.
Okay, then.
The sleepcap releases spores at you but does no damage.
You hit the sleepcap.
The sleepcap releases spores at you. 😕 HP[-1]
You take 1 damage, and now have 38/39 hp.
You hit the sleepcap but do no damage. The sleepcap closely misses you.
You hit the sleepcap. The sleepcap releases spores at you.
You are engulfed in a cloud of soporific spores!
You fall asleep.
The sleepcap releases spores at you but does no damage.
You wake up.
You hit the sleepcap. The sleepcap barely misses you.
Unknown command.
You hit the sleepcap. The sleepcap releases spores at you.
You are engulfed in a cloud of soporific spores!
You are unaffected. 😕 HP[-3]
You take 3 damage, and now have 35/39 hp.
Unknown command.
You hit the sleepcap.
The sleepcap releases spores at you! 😮 HP[-7]
You take 7 damage, and now have 28/39 hp.
Unknown command.
You hit the sleepcap. The sleepcap releases spores at you.
You are engulfed in a cloud of soporific spores!
You fall asleep.
The sleepcap releases spores at you!!
You wake up.
* * * LOW HITPOINT WARNING * * *
😱 HP[-22]
You take 22 damage, and now have 6/39 hp.
MASSIVE DAMAGE!! (PAUSE)
You hit the sleepcap but do no damage. The sleepcap releases spores at you!
You die...

Skill      XL: |  1  2  3  4  5 |
---------------+----------------+-----
Shapeshifting  | 3 4 |  4.9
Unarmed Combat | 3 4 |  4.1
Fighting       | |  0.8
Dodging        | |  1.7

Action                     |  1- 3 |  4- 6 || total
---------------------------+-------+-------++-------
  Melee: Unarmed           |   119 |   135 ||   254
         Punch             |     5 |     3 ||     8
    Use: Scroll            |     6 |     4 ||    10
         Potion            |     1 |     2 ||     3
   Stab: Sleeping          |     5 |       ||     5
         Distracted        |       |     1 ||     1
 Armour: Animal skin       |    37 |    76 ||   113
         Skin              |    13 |       ||    13
  Dodge: Dodged            |    69 |    62 ||   131
   Form: Blade             |       |     1 ||     1
         Beast             |       |     1 ||     1
         Flux              |       |     1 ||     1

Levels and vault maps discovered:
D:1:      kb_arrival_jail, layout_loops_corners, serial_shops,
          nicolae_shop_industrial_runoff, nicolae_ecumenical_snake_handling
D:2:      layout_basic, basic_altar, minmay_lizard_pond
D:3:      cheibrodos_old_hovel, layout_basic, nicolae_hepliaklqana_hippocampus,
          corexii_hall_statues_i, serial_bayou_lagoon_b
D:4:      layout_cave_pods, kennysheep_okawaru_gauntlet,
          minmay_misc_feat_secret_circle, nicolae_letterblocks
          [nicolae_letter_subblock, nicolae_letter_subblock,
          nicolae_letter_subblock, nicolae_letter_subblock,
          nicolae_letter_subblock, nicolae_letter_subblock,
          nicolae_letter_subblock, nicolae_letter_subblock,
          nicolae_letter_subblock, nicolae_letter_subblock,
          nicolae_letter_subblock, nicolae_letter_subblock,
          nicolae_letter_subblock, nicolae_letter_subblock,
          nicolae_letter_subblock, nicolae_letter_subblock,
          nicolae_letter_subblock, nicolae_letter_subblock,
          nicolae_letter_subblock, nicolae_letter_subblock,
          nicolae_letter_subblock, nicolae_letter_subblock,
          nicolae_letter_subblock, nicolae_letter_subblock,
          nicolae_letter_subblock]
D:5:      cheibrodos_iron_armory, layout_cave_pools, nemelex_dance_club_becter,
          minmay_temple_entry_butterflies, gammafunk_ghost_split,
          nrook_pool_corridor, uniq_blork_the_orc, uniq_pikel

Notes
Turn   | Place    | Note
-------+----------+-------------------------------------------
     0 | D:1      | kae the Demigod Shapeshifter began the quest for the Orb.
     0 | D:1      | Reached XP level 1. HP: 15/15 MP: 3/3
     0 | D:1      | magus.rc [v1.11.3]
     2 | D:1      | Noticed a demigod
     4 | D:1      | Noticed a vine stalker
     4 | D:1      | Noticed a formicid
     6 | D:1      | Noticed a meteoran
     6 | D:1      | Noticed a merfolk
     8 | D:1      | Noticed a spriggan
     8 | D:1      | Noticed a tengu
    10 | D:1      | Noticed an armataur
    10 | D:1      | Noticed a troll
    12 | D:1      | Noticed a demonspawn
    12 | D:1      | Noticed a draconian
    14 | D:1      | Noticed a human
    14 | D:1      | Noticed a minotaur
    16 | D:1      | Noticed a vampire
    16 | D:1      | Noticed an elf
    18 | D:1      | Noticed an octopode
    18 | D:1      | Noticed a felid
    20 | D:1      | Noticed a gargoyle
    20 | D:1      | Noticed a ghoul
    24 | D:1      | Noticed a demonspawn
    24 | D:1      | Noticed a naga
    26 | D:1      | Noticed a tengu
    26 | D:1      | Noticed a tengu
   364 | D:1      | Found Kuocrinehu's Distillery.
   371 | D:1      | Reached skill level 3 in Shapeshifting
   475 | D:1      | Reached XP level 2. HP: 21/22 MP: 4/4
   548 | D:1      | You add the spells Sting, Poisonous Vapours and Olgreb's
                  | Toxic Radiance to your library.
   906 | D:2      | Reached skill level 3 in Unarmed Combat
  1134 | D:2      | You fall into a shaft and drop 1 floor!
  1265 | D:3      | Reached XP level 3. HP: 16/27 MP: 5/5
  1437 | D:3      | HP: 6/27 [orc/+0 whip (5)]
  1445 | D:3      | HP: 4/27 [orc/+0 dagger (4)]
  1450 | D:3      | HP: 4/40 [orc/boomerang (1)]
  1714 | D:3      | You add the spells Summon Ice Beast, Freezing Cloud and
                  | Simulacrum to your library.
  1714 | D:3      | Got a peculiar book
  1864 | D:3      | HP: 3/27 [iguana (9)]
  1866 | D:3      | Reached skill level 4 in Shapeshifting
  1866 | D:3      | Reached XP level 4. HP: 4/34 MP: 6/6
  2847 | D:1      | Bought a potion of curing for 36 gold pieces
  2847 | D:1      | Bought a potion of heal wounds for 60 gold pieces
  2847 | D:1      | Bought a potion of degeneration for 12 gold pieces
  2986 | D:4      | Identified the +8 dagger "Demigod's Regret" {freeze, rF+}
  3907 | D:5      | Entered Level 5 of the Dungeon
  3982 | D:5      | Found a runed translucent gate.
  3982 | D:5      | Found a runed translucent gate.
  3985 | D:5      | Found a runed translucent gate.
  3985 | D:5      | Noticed MackTheKnife's ghost (novice TrSh)
  4008 | D:5      | Reached XP level 5. HP: 39/39 MP: 7/7
  4223 | D:5      | HP: 6/39 [sleepcap (5)]
  4344 | D:5      | HP: 8/39 [scorpion (6)]
  4346 | D:5      | Reached skill level 4 in Unarmed Combat
  4640 | D:5      | HP: 6/39 [sleepcap (19)]
  4641 | D:5      | Slain by a sleepcap

Vanquished Creatures
  A scorpion (D:5)
  A sleepcap (D:4)
  An iguana (D:3)
  6 adders
  An ufetubus (D:4)
  A worm (D:3)
  17 orcs
  6 endoplasms
  3 giant cockroaches
  6 goblins
  3 hobgoblins (D:3)
  5 kobolds
  2 quokkas
  7 ball pythons
  4 bats
  13 frilled lizards
  3 rats
80 creatures vanquished.

Table legend:
 A = Non-vault XP
 B = Vault XP
 C = Vault XP percentage of total XP
 D = Non-vault monster count
 E = Vault monster count
 F = Vault count percentage of total count
                 A         B        C        D         E       F
            +---------+---------+-------+---------+---------+-------
      Total |     366 |      12 |   3.2 |      69 |      11 |  13.8
            +---------+---------+-------+---------+---------+-------
        D:1 |      21 |       0 |   0.0 |      13 |       0 |   0.0
        D:2 |      37 |      10 |  21.3 |      15 |      10 |  40.0
        D:3 |     110 |       2 |   1.8 |      23 |       1 |   4.2
        D:4 |      74 |       0 |   0.0 |      10 |       0 |   0.0
        D:5 |     124 |       0 |   0.0 |       8 |       0 |   0.0
            +---------+---------+-------+---------+---------+-------

Skill      XL: |  1  2  3  4  5 |
---------------+----------------+-----
Shapeshifting  | 3 4 |  4.9
Unarmed Combat | 3 4 |  4.1
Fighting       | |  0.8
Dodging        | |  1.7

Action                     |  1- 3 |  4- 6 || total
---------------------------+-------+-------++-------
  Melee: Unarmed           |   119 |   135 ||   254
         Punch             |     5 |     3 ||     8
    Use: Scroll            |     6 |     4 ||    10
         Potion            |     1 |     2 ||     3
   Stab: Sleeping          |     5 |       ||     5
         Distracted        |       |     1 ||     1
 Armour: Animal skin       |    37 |    76 ||   113
         Skin              |    13 |       ||    13
  Dodge: Dodged            |    69 |    62 ||   131
   Form: Blade             |       |     1 ||     1
         Beast             |       |     1 ||     1
         Flux              |       |     1 ||     1

Illustrated notes

Table legend:
 A = Kills in this place as a percentage of kills in the entire game.
 B = Kills by you in this place as a percentage of kills by you in the entire game.
 C = Kills by friends in this place as a percentage of kills by friends in the entire game.
 D = Other kills in this place as a percentage of other kills in the entire game.
 E = Experience gained in this place as a percentage of experience gained in the entire game.
 F = Experience gained in this place divided by the number of levels of this place that you have seen.
                   A       B       C       D       E      F
               +-------+-------+-------+-------+-------+----------------------
         Total | 100.0 | 100.0 |   N/A |   N/A | 100.0 |  75.6
       Dungeon | 100.0 | 100.0 |   N/A |   N/A | 100.0 |  75.6
               +-------+-------+-------+-------+-------+----------------------

Table legend: (Time is in decaauts)
 A = Elapsed time spent in this place.
 B = Non-inter-level travel time spent in this place.
 C = Inter-level travel time spent in this place.
 D = Time resting spent in this place.
 E = Time spent auto-exploring this place.
 F = Levels seen in this place.
 G = Mean time per level.
                   A        B        C        D        E       F      G
               +--------+--------+--------+--------+--------+-----+--------+
         Total |   4647 |   4328 |    319 |    908 |   2790 |   5 |  929.4 |
       Dungeon |   4647 |   4328 |    319 |    908 |   2790 |   5 |  929.4 |
               +--------+--------+--------+--------+--------+-----+--------+

Top non-repeatable levels by time:
     D:4: 1358 daAuts
     D:3: 1085 daAuts
     D:1: 915 daAuts
     D:2: 901 daAuts
     D:5: 387 daAuts
